 Dungeon Crawl Stone Soup version 0.19.1-1-g22dce08 (webtiles) character file.

1031 RedPan the Chiller (level 8, -4/41 HPs)
             Began as a Deep Elf Ice Elementalist on Dec 30, 2016.
             Slain by a wight
             ... wielding a +1 falchion
              (7 damage)
             ... on level 6 of the Dungeon.
             The game lasted 00:21:22 (6172 turns).

RedPan the Chiller (Deep Elf Ice Elementalist)      Turns: 6172, Time: 00:21:22

Health: -4/41      AC:  2    Str:  5      XL:     8   Next: 3%
Magic:  10/17      EV: 13    Int: 27      God:
Gold:   96         SH:  0    Dex: 11 (15) Spells: 5 memorised, 3 levels left

rFire  . . .     SeeInvis .     w - +4 dagger
rCold  . . .     Gourm    .     a - +0 robe
rNeg   . . .     Faith    .     (no shield)
rPois  .         Spirit   .     (no helmet)
rElec  .         Reflect  .     (no cloak)
rCorr  .         Harm     .     (no gloves)
MR     .....                    (no boots)
Stlth  +++.......               (no amulet)
                                m - ring of stealth
                                s - +2 ring of intelligence

@: drained
A: clever 1
a: no special abilities


You were on level 6 of the Dungeon.
You were hungry.

You visited 1 branch of the dungeon, and saw 6 of its levels.

You collected 266 gold pieces.
You spent 170 gold pieces at shops.

Inventory:

Hand Weapons
 g - a +0 dagger
 w - a +4 dagger (weapon)
 B - a +1 hand axe of flaming
Armour
 a - a +0 robe (worn)
Jewellery
 l - a +1 ring of protection
 m - a ring of stealth (right hand)
 s - a +2 ring of intelligence (left hand)
Wands
 n - a wand of paralysis (24/24)
 o - a wand of acid (9/15)
 q - a wand of lightning (11/15)
 v - a wand of paralysis (16/24)
Scrolls
 d - a scroll of fog
 h - 2 scrolls of remove curse
 k - 2 scrolls of identify
 u - a scroll of recharging
 C - a scroll of enchant armour
 D - a scroll of amnesia
Potions
 e - a potion of haste
 f - a potion of lignification
 i - a potion of heal wounds
 j - 2 potions of agility
 x - a potion of brilliance
 A - a potion of curing
Books
 b - a book of Frost

   Spells                             Type                      Level
   a - Freeze                         Ice                          1
   b - Throw Frost                    Conjuration/Ice              2
   c - Ozocubu's Armour               Charms/Ice                   3
   d - Throw Icicle                   Conjuration/Ice              4
   e - Summon Ice Beast               Ice/Summoning                4
 r - a book of Cantrips

   Spells                             Type                      Level
   a - Confusing Touch                Hexes                        1
   b - Animate Skeleton               Necromancy                   1
   c - Summon Small Mammal            Summoning                    1
   d - Apportation                    Translocation                1
Comestibles
 c - 5 bread rations
 t - 3 meat rations
 z - a beef jerky


   Skills:
 + Level 4.5(3.8) Dodging
 - Level 2.4(1.8) Stealth
 - Level 5.0(4.3) Spellcasting
 - Level 3.0(2.4) Conjurations
 - Level 3.0(2.3) Charms
 - Level 4.0(3.3) Summonings
 + Level 7.5(6.8) Ice Magic


You had 3 spell levels left.
You knew the following spells:

 Your Spells              Type           Power        Failure   Level  Hunger
a - Freeze                Ice            ####         1%          1    None
b - Throw Frost           Conj/Ice       ####..       1%          2    None
c - Ozocubu's Armour      Chrm/Ice       ####....     3%          3    ##.....
d - Summon Ice Beast      Ice/Summ       ####....     12%         4    ####...
e - Throw Icicle          Conj/Ice       ####....     14%         4    ####...


Dungeon Overview and Level Annotations

Branches:
Dungeon (6/15)
 Temple: D:4-7

Altars:
Ashenzari
Dithmenos
Ru

Shops:
D:4 (?=


Innate Abilities, Weirdness & Mutations

Your mind is acute. (Int +2)


Message History

A chill wind blows around you.
You are feeling hungry.
The wight hits your ice beast but does no damage.
Your ice beast closely misses the wight.
Your ice beast hits the wight but does no damage. x2
The wight hits you with an enchanted flail!
* * * LOW HITPOINT WARNING * * *
You feel drained.
* * * LOW HITPOINT WARNING * * *
The wight misses your ice beast.
Your ice beast hits the wight but does no damage.
Your ice beast hits the wight.
Your ice beast freezes the wight.
The wight resists.
The wight misses you.
The wight hits your ice beast with an enchanted falchion.
Your ice beast hits the wight but does no damage.
Your ice beast closely misses the wight.
The wight barely misses your ice beast.
The wight hits you with an enchanted falchion!
You die...

##ยงยงยงยง..........#.#
#.....##########.#
#.....# #.# #..[.)#
#.....# #.....# #w....#
#.....# #.@...# #.YzY.#
#.z...# #.....# #######


You could see a worm, 2 wights and 2 friendly ice beasts.

Vanquished Creatures
  A phantom (D:6)
  2 howler monkeys (D:4)
  2 orc priests (D:3)
  A worker ant (D:4)
  An orc wizard (D:4)
  3 gnolls (D:4)
  7 adders
  2 oozes (D:2)
  A worm (D:2)
  3 leopard geckos
  10 orcs
  8 bats
  9 giant cockroaches
  3 goblins
  6 hobgoblins
  10 jackals
  3 quokkas (D:3)
  A ball python (D:1)
  4 frilled lizards
  5 kobolds
  4 rats
86 creatures vanquished.

Vanquished Creatures (collateral kills)
  Menkaure (D:5)
  Edmund (D:5)
  An ice beast (D:6)
  4 ogres (D:5)
  A bullfrog (D:6)
  A scorpion (D:4)
  A wight (D:6)
  4 crimson imps
  A bullfrog zombie (D:4)
  A quasit (D:6)
  2 orc priests
  2 orc wizards
  A howler monkey skeleton (D:6)
  5 orcs
  2 jackals (D:6)
  A quokka (D:5)
29 creatures vanquished.

Grand Total: 115 creatures vanquished

Notes
Turn   | Place    | Note
-------+----------+-------------------------------------------
     0 | D:1      | RedPan the Deep Elf Ice Elementalist began the quest for the Orb.
     0 | D:1      | Reached XP level 1. HP: 10/10 MP: 6/6
   262 | D:1      | Reached XP level 2. HP: 15/15 MP: 4/8
   318 | D:1      | Reached skill level 4 in Ice Magic
   350 | D:1      | Learned a level 2 spell: Throw Frost
   775 | D:2      | Reached XP level 3. HP: 18/19 MP: 7/9
   780 | D:2      | Learned a level 3 spell: Ozocubu's Armour
   873 | D:2      | Reached skill level 5 in Ice Magic
  1113 | D:2      | Found a faded altar of an unknown god.
  1243 | D:2      | Reached XP level 4. HP: 22/24 MP: 7/10
  1856 | D:3      | Reached skill level 6 in Ice Magic
  2092 | D:3      | Reached XP level 5. HP: 28/28 MP: 6/11
  2101 | D:3      | Learned a level 4 spell: Summon Ice Beast
  2643 | D:3      | Reached skill level 1 in Charms
  2643 | D:3      | Reached skill level 1 in Summonings
  2871 | D:4      | Found Jawoy's Antique Weapon Boutique.
  2934 | D:4      | Found a shadowy altar of Dithmenos.
  3306 | D:4      | Reached XP level 6. HP: 19/32 MP: 9/12
  3897 | D:4      | Found Noitumi's Magic Scroll Shop.
  3911 | D:4      | Bought a scroll of identify for 20 gold pieces
  3911 | D:4      | Bought a scroll of enchant armour for 75 gold pieces
  3911 | D:4      | Bought a scroll of identify for 20 gold pieces
  3911 | D:4      | Bought a scroll of identify for 20 gold pieces
  3911 | D:4      | Bought a scroll of amnesia for 35 gold pieces
  3987 | D:4      | Found Juocolao's Jewellery Shop.
  4240 | D:5      | Entered Level 5 of the Dungeon
  4240 | D:5      | Found Plog's Antique Armour Boutique.
  4240 | D:5      | Found a shattered altar of Ashenzari.
  4366 | D:5      | Noticed Edmund
  4375 | D:5      | Killed Edmund
  4375 | D:5      | Reached XP level 7. HP: 36/36 MP: 5/13
  4463 | D:5      | Found a sacrificial altar of Ru.
  4649 | D:5      | Reached skill level 7 in Ice Magic
  4761 | D:5      | Noticed Menkaure
  5308 | D:5      | Killed Menkaure
  5607 | D:5      | Gained mutation: Your mind is acute. (Int +2) [potion of beneficial mutation]
  5794 | D:6      | Reached skill level 5 in Spellcasting
  5811 | D:6      | Learned a level 4 spell: Throw Icicle
  6066 | D:6      | Reached XP level 8. HP: 27/41 MP: 9/17
  6172 | D:6      | Slain by a wight

Skill      XL: |  1  2  3  4  5  6  7 |
---------------+----------------------+-----
Ice Magic      | 4 5 6 7 |  7.5
Charms         | 3 |  3.0
Summonings     | 2 4 |  4.0
Dodging        | 3 4 |  4.5
Conjurations   | 3 |  3.0
Spellcasting   | 5 |  5.0
Stealth        | |  2.4

Action                   |  1- 3 |  4- 6 |  7- 9 || total
-------------------------+-------+-------+-------++-------
Melee: Unarmed           |     2 |       |       ||     2
       Dagger            |     9 |    30 |    46 ||    85
 Cast: Freeze            |    42 |    72 |       ||   114
       Throw Frost       |     5 |     2 |       ||     7
       Summon Ice Beast  |       |     6 |    25 ||    31
       Ozocubu's Armour  |       |     1 |     2 ||     3
  Use: Scroll            |     1 |    11 |     3 ||    15
       Potion            |       |     1 |     1 ||     2
 Stab: Sleeping          |     3 |     5 |     2 ||    10
  Eat: Chunk             |     1 |    11 |     9 ||    21
Armor: Robe              |    14 |     7 |    16 ||    37
Dodge: Dodged            |    31 |    51 |    59 ||   141
